Cogmind - Beta 17.1 @@@ ROGUE MODE // 2026.09.21 @ 16:36:07 Player: Kite Result: Destroyed by XX-S9I(R) with Subdweller Beam Cannon Performance ------------- Evolutions (0) 0 Regions Visited (2) 400 Robots Destroyed (34) 170 Value Destroyed (894) 894 Prototype IDs (1) 20 Alien Tech Used (0) 0 Bonus (5397) 5397 TOTAL SCORE: 6881 Bonus ------- Follower Combat Kills 60 Prayed to X0-1V1 5000 Major X0-1V1 Interference 350 Friendly Fire -13 Cogmind --------- Core Integrity 0/150 Matter 150/150 Energy 1236/1250 System Corruption 0% Temperature Cool (9) Movement Rolling (130) Ox2 Location -10/Subcaves Parts ------- > --- POWER (1) -------- Ion Engine > --- PROPULSION (2) --- Compact Wheel > --- UTILITY (2) ------ High-capacity Storage Unit X0-1V1's Piety Tracker > --- WEAPON (2) ------- (None) > --- INVENTORY (21) --- Subdweller Power Source Subdweller Power Source Light Treads Subdweller Monowheel Subdweller Monowheel Subdweller Monowheel Improved Heat Sink Large Storage Unit High-capacity Storage Unit High-capacity Matter Pod (35) Medium Laser Medium Laser Subdweller Laser Subdweller Beam Cannon Assault Rifle Assault Rifle Grenade Launcher Grenade Launcher Peak State ------------ > --- POWER ------------ Ion Engine > --- PROPULSION ------- Compact Wheel Compact Wheel > --- UTILITY ---------- High-capacity Storage Unit X0-1V1's Piety Tracker > --- WEAPON ----------- EM Pulse Gun Riot Gun > --- INVENTORY -------- Subdweller Power Source Light Treads Subdweller Monowheel Subdweller Monowheel Improved Heat Sink Large Storage Unit High-capacity Storage Unit High-capacity Matter Pod Medium Laser Medium Laser Subdweller Laser Assault Rifle Assault Rifle Grenade Launcher Grenade Launcher [Rating: 23] Favorites ----------- Power Light Nuclear Core Engine Light Ion Engine Power Core Light Nuclear Core Propulsion Light Treads Treads Light Treads Wheel Compact Wheel Utility High-capacity Storage Unit Device Improved Heat Sink Storage High-capacity Storage Unit Protection Light Armor Plating Weapon Assault Rifle Energy Gun Medium Laser Ballistic Gun Assault Rifle Launcher Grenade Launcher Build | -11 -10 -10 ------- Run | Yrd Mat Sub Slots Evolved . | . . . Power . | . . . Propulsion . | . . . Utility . | . . . Weapon . | . . . Parts Attached 31 | 6 16 9 Power 4 | 1 1 2 Engine 3 | 1 . 2 Core 1 | . 1 . Reactor . | . . . Propulsion 4 | 2 2 . Treads 2 | 2 . . Leg . | . . . Wheel 2 | . 2 . Hover . | . . . Flight . | . . . Utility 10 | 1 7 2 Device 5 | . 4 1 Storage 4 | 1 3 . Processor . | . . . Hackware . | . . . Protection 1 | . . 1 Artifact . | . . . Weapon 13 | 2 6 5 Energy Gun 7 | . 4 3 Energy Cannon . | . . . Ballistic Gun 2 | 2 . . Ballistic Cannon . | . . . Launcher 4 | . 2 2 Special Weapon . | . . . Impact Weapon . | . . . Slashing Weapon . | . . . Piercing Weapon . | . . . Special Melee Weapon . | . . . Unidentified Prototypes 1 | . 1 . Parts Lost 11 | . 2 9 Power 3 | . 1 2 Propulsion 2 | . . 2 Utility 3 | . 1 2 Weapon 3 | . . 3 Highest Loss Streak 4 | . 1 4 To Critical Strikes . | . . . Average Backups 11 | 1 9 15 Power 1 | . 2 1 Propulsion 2 | 1 2 2 Utility 3 | . 2 4 Weapon 4 | . 3 7 Tool/Special . | . . . Unused Backups 13 | . 3 10 Power 5 | . 3 2 Propulsion 3 | . . 3 Utility 2 | . . 2 Weapon 3 | . . 3 Tool/Special . | . . . Average Slot Usage (%) 92 | . 90 93 Engine 6 | . 5 7 Core 4 | . 5 4 Treads 21 | . 27 12 Wheel 6 | . . 15 Device 8 | . 9 7 Storage 14 | . 14 14 Protection 1 | . . 2 Energy Gun 15 | . 13 18 Ballistic Gun 11 | . 14 6 Launcher 1 | . . 2 Peak Build Rating 23 | 6 22 23 Average Rating 10 | 5 8 13 On Entrance 6 | . 6 12 Avg Prop Armor Cover (%) 13 | . . 13 Naked Turns . | . . . Heaviest Build 52 | 12 50 52 Greatest Support 40 | 40 40 40 Greatest Overweight (x) 2 | . 1 2 Average Overweight (x) . | . . 1 Largest Inventory Capacity 21 | 8 20 21 Average Capacity 15 | 7 11 20 Most Carried 18 | 3 16 18 Average Carried 11 | 1 9 15 Final Capacity 21 | 8 20 21 Final Carried 18 | 3 16 18 Class Distribution -------------------- 100% | Mutant Dominant Class ---------------- Mutant | -10/Materials Mutant | -10/Subcaves Resources | -11 -10 -10 ----------- Run | Yrd Mat Sub Matter Collected 1056 | 180 498 378 Remotely . | . . . Salvage Created 884 | . 681 203 Parts 52 | . 40 12 Haulers Intercepted . | . . . Recyclers Shooed 3 | . 3 . Parts Field Recycled . | . . . Retrieved Matter . | . . . Parts Self-Destructed 17 | . . 17 Prevented . | . . . Parts Restored . | . . . Kills | -11 -10 -10 ------- Run | Yrd Mat Sub Combat Hostiles Destroyed 26 | . 16 10 Guns 12 | . 10 2 AOE 14 | . 6 8 Classes Destroyed 6 | . 5 1 Worker 4 | . 4 . Recycler 2 | . 2 . Watcher 2 | . 2 . Swarmer 6 | . 2 4 Grunt 16 | . 14 2 Subdweller 4 | . . 4 Best Kill Streak 5 | . 4 5 Combat Bots Only 5 | . 2 5 Max Kills in Single Turn 2 | . 1 2 Gunslinging . | . . . Exploded 2 | . 1 2 Melee . | . . . Uniques/NPCs Destroyed . | . . . Combat | -11 -10 -10 -------- Run | Yrd Mat Sub Hostile Shots Fired 116 | . 52 64 Missed 32 | . 12 20 Hits 84 | . 40 44 Projectile 84 | . 40 44 Damage Taken 1475 | . 534 941 Core 274 | . 113 161 Absorbed by Shields . | . . . Regen/Repaired (Parts) 136 | . 136 . Core Remaining (%) 100 | 100 . . Volleys Fired 102 | . 65 37 Largest 2 | . 2 2 Hottest 100 | . 100 100 Shots Fired 180 | . 122 58 Gun 157 | . 114 43 Cannon . | . . . Launcher 23 | . 8 15 Special . | . . . Kinetic 92 | . 90 2 Thermal 46 | . 24 22 Explosive 23 | . 8 15 Electromagnetic 19 | . . 19 Robot Hit Streak 11 | . 11 9 Robot Miss Streak 6 | . 6 3 Penetration Max . | . . . Secondary Targets . | . . . Shots Hit Robots 91 | . 61 30 Core Hits 54 | . 36 18 Critical Kills . | . . . Critical Parts Destroyed . | . . . Critical Strikes 3 | . 1 2 Burn 3 | . 1 2 Melee Attacks . | . . . Impact . | . . . Slashing . | . . . Piercing . | . . . Sneak Attacks . | . . . Combat Hostiles . | . . . Follow-up Attacks . | . . . Damage Inflicted 2774 | . 1564 1210 Guns 1105 | . 776 329 Cannons . | . . . Explosions 1669 | . 788 881 Melee . | . . . Ramming . | . . . Kinetic 649 | . 649 . Thermal 660 | . 439 221 Explosive 1216 | . 476 740 Electromagnetic 108 | . . 108 Impact . | . . . Slashing . | . . . Piercing . | . . . Entropic 141 | . . 141 Highest Corruption 15 | . . 15 Average Corruption 7 | . . 7 Corruption Purged . | . . . Corruption Blocked . | . . . Effects 4 | . . 4 Message Errors 2 | . . 2 Matter Fused 2 | . . 2 Overload Shots . | . . . Overflow Damage 231 | . 159 72 Projectiles . | . . . Explosions 231 | . 159 72 Melee . | . . . Knockbacks . | . . . Impact . | . . . Kinetic . | . . . Secondary . | . . . Self-Inflicted Damage 240 | . 9 231 Shots 5 | . 1 4 Rammed . | . . . Targets Rammed . | . . . Kicked . | . . . Crushed . | . . . Highest Temperature 21 | . 21 1 Average Temperature 7 | . 8 1 Received Heat Transfer 405 | . 237 168 Siege Activations . | . . . Martial Activations . | . . . Shielding Activations . | . . . Robots Disrupted . | . . . Combat Hostiles . | . . . Robots Corrupted . | . . . Combat Hostiles . | . . . Parts Fried 1 | . . 1 Impact Corruptions . | . . . Robots Melted . | . . . Combat Hostiles . | . . . Parts Melted 2 | . . 2 Heat Transferred 1458 | . 644 814 Parts Sabotaged . | . . . Parts Stolen . | . . . Parts Stripped . | . . . Power Chain Reactions . | . . . Alert | -11 -10 -10 ------- Run | Yrd Mat Sub Maximum Alert Level . | . . . Low Security (%) 100 | 100 100 . Level 1 . | . . . Level 2 . | . . . Level 3 . | . . . Level 4 . | . . . Level 5 . | . . . High Security . | . . . Max Security . | . . . Peak Influence 175 | . 175 . Initial . | . . . Average 81 | . 87 . Influence Increases 771 | . 580 191 Destroy 0b10 Robot/C 480 | . 320 160 Destroy 0b10 Robot/NC 40 | . 40 . Destroy Leader 94 | . 84 10 Allied During Kill 6 | . . 6 Successful Hack 10 | . 10 . Select Force Hacks 30 | . 30 . Disable Machine 45 | . 45 . Destroy Structure 51 | . 51 . Lose Combat Pursuer 15 | . . 15 Influence Decreases 771 | . 409 362 Entered New Map 83 | . . 83 Time Decay 608 | . 389 219 Lost Part 80 | . 20 60 Squads Dispatched 4 | . 4 . Investigation 2 | . 2 . Extermination . | . . . Reinforcement 2 | . 2 . Assault . | . . . Garrison . | . . . Intercept . | . . . Searches Triggered . | . . . Construction Impeded . | . . . Haulers Reinforced . | . . . Active Scanning Responses . | . . . Cargo Convoy Interrupts . | . . . Stealth | -11 -10 -10 --------- Run | Yrd Mat Sub Distress Signals 2 | . 2 . Communications Jammed . | . . . Distress Signals . | . . . Times Spotted 41 | . 27 14 Peak Tracking Total 5 | . 4 5 Tactical Retreats 1 | . . 1 Traps | -11 -10 -10 ------- Run | Yrd Mat Sub Traps Triggered 2 | . 2 . Indirectly . | . . . Trap Hack Attempts . | . . . Triggered . | . . . Disarmed . | . . . Reprogrammed . | . . . Reused . | . . . Traps Extracted . | . . . Installed . | . . . Triggered . | . . . Machines | -11 -10 -10 ---------- Run | Yrd Mat Sub Machines Disabled 6 | . 3 3 Max in Single Turn 3 | . 3 3 Machines Repaired . | . . . Machines Dismantled . | . . . Machines Sabotaged . | . . . Overloaded Fab Kills . | . . . Hacking | -11 -10 -10 --------- Run | Yrd Mat Sub Machines Accessed 5 | . 5 . Terminals 3 | . 3 . Fabricators . | . . . Repair Stations 1 | . 1 . Recycling Units 1 | . 1 . Scanalyzers . | . . . Garrison Access . | . . . Total Hacks 9 | . 9 . Successful 5 | . 5 . Failed 4 | . 4 . Catastrophic 1 | . 1 . Database Lockouts . | . . . Manual 9 | . 9 . Terminals 6 | . 6 . Fabricators . | . . . Repair Stations 2 | . 2 . Recycling Units 1 | . 1 . Scanalyzers . | . . . Garrison Access . | . . . Terminal Hacks 2 | . 2 . Part Schematic 2 | . 2 . Fabricator Hacks . | . . . Repair Station Hacks 2 | . 2 . Scan Component 1 | . 1 . Repair 1 | . 1 . Recycling Unit Hacks . | . . . Scanalyzer . | . . . Garrison Access Hacks . | . . . Unauthorized Hacks 1 | . 1 . Terminals . | . . . Fabricators . | . . . Repair Stations . | . . . Recycling Units 1 | . 1 . Tunnel 1 | . 1 . Scanalyzers . | . . . Garrison Access . | . . . Data Cores Recovered . | . . . Used . | . . . Hacking Detections 3 | . 3 . Full Trace Events . | . . . Feedback Events . | . . . Feedback Blocked . | . . . Robot Schematics Acquired . | . . . Robots Built . | . . . Authchips . | . . . Time . | . . . Total Robot Build Rating . | . . . Part Schematics Acquired 1 | . 1 . Parts Built . | . . . Authchips . | . . . Time . | . . . Total Part Build Rating . | . . . Part Studies Acquired . | . . . Parts Repaired 1 | . 1 . Time 26 | . 26 . Parts Recycled . | . . . Recycled Matter . | . . . Retrieved Matter . | . . . Retrieved Components . | . . . Parts Scanalyzed . | . . . Part Schematics Acquired . | . . . Parts Damaged . | . . . Bothacking | -11 -10 -10 ------------ Run | Yrd Mat Sub Used RIF Installer . | . . . Robots Hacked . | . . . Non-combat . | . . . Combat . | . . . Robot Hacks Applied . | . . . Relay Couplers Released . | . . . Fabnet Peak Effective % . | . . . Robots Rewired . | . . . Allies Hacked . | . . . Hacks Repelled . | . . . Allies | -11 -10 -10 -------- Run | Yrd Mat Sub Total Allies 1 | . . 1 Largest Group 1 | . . 1 Highest-Rated Group 90 | . . 90 Highest-Rated Ally 90 | . . 90 Total Orders . | . . . Ally Attacks 18 | . . 18 Total Damage 507 | . . 507 Kills 4 | . . 4 Allies Corrupted . | . . . Allies Melted . | . . . X0-1V1 Amusement Gains 9 | . 4 5 Average Entertainment 1 | . 4 1 Good Acts 8 | . . 8 Bad Acts 7 | . . 7 Intel | -11 -10 -10 ------- Run | Yrd Mat Sub Active Infowar (turns) . | . . . Robot Analysis Total . | . . . Derelict Logs Recovered 1 | . . 1 Drone Launches . | . . . Drone Recoveries . | . . . Exploration | -11 -10 -10 ------------- Run | Yrd Mat Sub Turns Passed 2483 | 90 1373 1020 Spaces Moved 1129 | 53 511 565 Core 5 | 5 . . Treads 695 | 48 508 139 Legs . | . . . Wheels 429 | . 3 426 Hover . | . . . Flight . | . . . Fastest Speed 50 | 50 115 115 Average Speed 155 | 149 167 145 Slowest Speed 240 | 160 240 240 Overloaded Moves . | . . . Propulsion Burnouts . | . . . Robots Hopped . | . . . Potential Cave-ins . | . . . Cave-ins Triggered . | . . . Exploration Rate (%) 40 | 4 76 42 Regions Visited 2 Branch Regions 1 Pre-discovered Areas 1 | . 1 . Known Exits Taken . | . . . Unknown Exits Taken 2 | 1 1 . Scrap Searched . | . . . Spaces Dug . | . . . Terrain Destroyed 138 | . 54 84 Melee . | . . . Projectile . | . . . AOE 138 | . 54 84 Terrain Rammed . | . . . Walls Destroyed . | . . . Machines Disabled . | . . . Actions | -11 -10 -10 --------- Run | Yrd Mat Sub Total 1666 | 61 906 699 Wait 345 | . 275 70 Move 1127 | 52 510 565 Hop . | . . . Pick Up 26 | 3 16 7 Fast Attach 19 | 6 10 3 Attach 5 | . . 5 Detach 3 | . 3 . Swap 25 | . 15 10 Drop 14 | . 12 2 Fire 102 | . 65 37 Melee . | . . . Ram . | . . . Kick . | . . . Crush . | . . . Escape Stasis . | . . . Rewire . | . . . Trap . | . . . Miscellaneous . | . . . Route ------- -11/Scrapyard -10/Materials (discovered 4 exits: [*Mat x2] / [*Min] / [*Sub]) -10/Subcaves (discovered 2 exits: Mat / [*Rec]) History --------- Turn | Location | Event 3 | -11/Scrapyard | Discovered new exit (range 15) 91 | -11/Scrapyard | Entered Materials 301 | -10/Materials | Build established: Mutant 565 | -10/Materials | Discovered new exit (range 7) 955 | -10/Materials | Discovered new exit (range 9) 1121 | -10/Materials | Discovered new exit (range 7) 1166 | -10/Materials | Repaired Lgt. Treads 1406 | -10/Materials | Discovered new exit (range 6) 1429 | -10/Materials | Prayed at D.C.S.S. Altar Unit 1464 | -10/Materials | Entered Subcaves 1465 | -10/Subcaves | Approached by a straggling Scientist 1475 | -10/Subcaves | X0-1V1 sent allied H-61 Shepherd (x1) 1489 | -10/Subcaves | Discovered new exit (range 15) 1492 | -10/Subcaves | Core integrity fell below 50% 1765 | -10/Subcaves | Inventory capacity permanently improved by X0-1V1 (+1; -100 max core) 1838 | -10/Subcaves | Shifting Twisted Machinery released Riot Gun 1845 | -10/Subcaves | Shifting Twisted Machinery released Piercing Trap 1932 | -10/Subcaves | Lost 4 parts (1p1n1u1w) 1996 | -10/Subcaves | Identified exit to Materials 1996 | -10/Subcaves | X0-1V1 revealed exit location to -8/Materials 2057 | -10/Subcaves | X0-1V1 activates XOMVISION 2345 | -10/Subcaves | Learned Materials stockpile data 2346 | -10/Subcaves | A swath of the cavern ceiling suddenly collapsed 2463 | -10/Subcaves | X0-1V1 caused items to flee you 2466 | -10/Subcaves | System corruption reached 10% 2467 | -10/Subcaves | Shifting Twisted Machinery released Sub. Laser 2483 | -10/Subcaves | Core integrity fell below 20% 2484 | -10/Subcaves | Destroyed by XX-S9I(R) with Subdweller Beam Cannon Last Messages --------------- 02466_ X0-1V1 brushes you with a corrupting influence (+8 system corruption). 02466_ X0-1V1: "Did you know you're leaking matter?" (-150 matter capacity) Sub. Laser falls loose from the Twisted Machinery. 02467_ X0-1V1 lends a hand with your twisted circuits (-15 system corruption). 02468_ X0-1V1: "I had everything to do with that." 02482_ X0-1V1 uses you as a vessel of destruction. 02482_ Riot Gun destroyed. 02482_ X0-1V1 is interested. 02482_ Destroyed Riot Gun. 02482_ EM Pulse Gun destroyed. 02482_ Destroyed EM Pulse Gun. 02482_ Com. Wheel destroyed. 02482_ Destroyed Com. Wheel. 02484_ X0-1V1 cackles wildly! Map ----- +----------------------------------------------------+ | ?????????????????????????????????????????????????? | | ?????????????????????????????????????????????????? | | ?????????????????????????????????????????????????? | | ?????????????????????????????????????????????????? | | ?????????????????????????????????????????????????? | | ?????????????????????????????????????????????????? | | ???????????????????????????????=?????????????????? | | ?????????????????????????????????????????????????? | | ?????????????????????????????????????????????????? | | ?????????????????????????????????????????????????? | | ?????????????????????????????????????????? "?????? | | ?????????????????????????????????????????""??????? | | ?????????????????????????????????######?"????????? | | ?????????????????????????????????# # ?????????? | | ?????????????????????????###?????## ??????????? | | ?????????????????????????# ????#" ##??????????? | | ??????????????????????##??# ?###" "###??##????? | | ??????????????????????# ### ## " ### ##???? | | ??????????????"???????# #???? | | ?????????????"""?????## ## # #### #???? | | ?????????????""" ????? #??# ## ##??# ##???? | | ?????????????"" ???## #??###### ##???# ####??? | | ?????????????#" ### ####; ;; #???## #### | | ????????????## #; ;;;; ###?# # | | ????????????#"" #### | | ?????????????""" @ #### # ## | | ????????????"""[ # #;; #?###### | | ????????????"" ??? ##; ; R ! ;# #???# | | ????????????# ????? ?= ;;;; ;# #??## | | ??????????????????## ; ; ! ;#? ##???# | | ??????????????????# # ;; ; ;##?? ###????## | | ??????????????????## ?## ; ; ;#????#???????## | | ??????????????????? ?? ## ;; ##?????????????# | | ??????????!??????? ??? #?##### #?????????????# | | ?????????????????## ??? #??????## ????????????# | | ??????????????????#??? ?????????# ??????????? | | ?????????=???????????? ??????????# ?????????? | | ?????????*???????????"" ???????????##???????? | | ??????????????????????"""????????????????????# ## | | ???????????????????????##????????????????????###?# | | ?????????????????????????????????????????????????# | | ????????????????????????????????????????????????? | | ?????????????????????????????????????????????????? | | ?????????????????????????????????????????????????? | | ?????????????????????????????????????????????????? | | ?????????????????????????????????????????????????? | | ?????????????????????????????????????????????????? | | ?????????????????????????????????????????????????? | | ?????????????????????????????????????????????????? | | ?????????????????????????????????????????????????? | +----------------------------------------------------+ Best States ------------- Heat Dissipation 39 Energy Generation 14 Energy Capacity 1250 Matter Stores 300 Matter Capacity 300 Sight Range 16 Terrain Scan Density 10 Armor Coverage 150 Evasion (%) 40 Recoil Reduction 2 Item Schematics ----------------- Huge Storage Unit | -10/Materials | Hacked Robot Schematics ------------------ None Fabricated ------------ Nothing Repaired ---------- Lgt. Treads | 2% | -10/Materials Studied --------- None Alien Tech Used ----------------- None Achievements -------------- None Challenges ------------ None Game ------ Seed ConceptFortressMegatreads Manual? 0 Play Time 00:12:28 Cumulative 655.0 hours Start 2026.09.21 @ 16:23:58 End 2026.09.21 @ 16:36:07 Sessions 1 Manual Loads 0 Difficulty Rogue Special Mode None Game No. 519 Rogue 519 Adventurer 0 Explorer 0 Win Type - Total 24 Types 14/0/5/1/0/0/0/2/0/2 Lore% 71 Gallery% 75 Achievement% 73 Wizard Run 0 Options --------- Layout 1 ASCII 0 Keyboard 0 Movement Mouse Keybinds 0 Fullscreen 2 Font 24/Cog Map View 50x35 Zoom Use 43% Tactical HUD 1 Map Filters NONE Filters NONE Steam 1 RUN: 2b506956-3622-4ad8-8738-5198a660b4da